 Dungeon Crawl Stone Soup version 0.30-a0-358-g0d69a1922f (webtiles) character file.

Game seed: 10689317231562888898

73 koil the Sneak (level 4, 0/32 HPs)
             Began as a Vampire Enchanter on Nov 10, 2022.
             Slain by an orc
             ... wielding a +1 flail of holy wrath
              (2 damage)
             ... on level 3 of the Dungeon.
             The game lasted 00:04:48 (1480 turns).

koil the Sneak (Vampire Enchanter)                  Turns: 1480, Time: 00:04:49

Health: 0/32       AC:  2    Str:  7    XL:     4   Next: 8%
Magic:  12/16      EV: 12    Int: 19    God:
Gold:   82         SH:  0    Dex: 14    Spells: 5/7 levels left

rFire   . . .      SeeInvis +    a - +1 dagger (speed)
rCold   . . .      Faith    .    (no shield)
rNeg    . . .      Spirit   .    b - +0 robe
rPois   .          Reflect  .    (no helmet)
rElec   .          Harm     .    (no cloak)
rCorr   .          Rampage  .    (no gloves)
Will    +....                    (no boots)
Stlth   +++.......               (no amulet)
HPRegen 0.45/turn                d - ring of magical power
MPRegen 0.15/turn                m - ring of willpower

@: very slightly contaminated, healing quickly
A: alive, fangs 3, see invisible, vampiric 2
a: Exsanguinate


You were on level 3 of the Dungeon.
You visited 1 branch of the dungeon, and saw 3 of its levels.

You collected 82 gold pieces.

Inventory:

Hand Weapons
 a - a +1 dagger of speed (weapon)
 i - a +1 dagger
Armour
 b - a +0 robe (worn)
 n - a +0 cloak
Jewellery
 d - a ring of magical power (left hand)
 g - a ring of magical power
 m - a ring of willpower (right hand)
Scrolls
 e - a scroll of torment {unknown}
 h - 5 scrolls of teleportation {unknown}
 o - a scroll of noise {unknown}
 p - a scroll of blinking {unknown}
Potions
 c - 2 potions of invisibility
 f - 2 potions of flight {unknown}
 j - a potion of degeneration {unknown}
 k - a potion of cancellation {unknown}
 l - 2 potions of mutation {unknown}


   Skills:
 + Level 1.1 Fighting
 + Level 2.0 Short Blades
 + Level 2.7 Dodging
 + Level 5.1 Stealth
 + Level 2.4 Spellcasting
 + Level 4.9 Hexes


You had 5 spell levels left.
You knew the following spells:

 Your Spells              Type           Power      Damage    Failure   Level
a - Ensorcelled Hibernat  Hex/Ice        22%        N/A       9%          2

Your spell library contained the following spells:

 Spells                   Type           Power      Damage    Failure   Level
 Confusing Touch          Hex            21%        N/A       6%          3
 Tukima's Dance           Hex            21%        N/A       6%          3
 Dazzling Flash           Conj/Hex       22%        N/A       19%         3
 Sublimation of Blood     Necr           2%         N/A       24%         2
 Wereblood                Tmut           2%         N/A       24%         2
 Summon Hydra             Summ           1%         N/A       100%        7


Dungeon Overview and Level Annotations

Branches:
Dungeon (3/15)

Altars:

Shops:
D:1 :


Innate Abilities, Weirdness & Mutations

Your natural rate of healing is accelerated.
You have razor-sharp teeth.
You have supernaturally acute eyesight. (SInv)
You are afflicted with vampirism and can become a bat while bloodless.


Message History

You hit the orc. You bite the orc, but do no damage.
The orc is heavily wounded.
You hit the orc.
You kill the orc!
An orc priest comes into view. It is wielding a +0 flail.
You barely miss the orc.
The orc priest mumbles some strange prayers to Beogh against you.
Beogh smites you! The orc completely misses you.
You hit the orc.
The orc is lightly wounded.
Casting: Ensorcelled Hibernation (safe; 9% risk of failure)
Confirm with . or Enter, or press ? or * to list all spells.
Aiming: Ensorcelled Hibernation (safe; 9% risk of failure)
Press: ? - help, Shift-Dir - straight line, f/p - orc
Aim: an orc, wielding a +1 flail of holy wrath and wearing a +0 leather armour (lightly wounded, chance to affect: 62%)
The orc resists with significant effort.
The orc priest mumbles some strange prayers to Beogh against you.
Beogh smites you!
* * * LOW HITPOINT WARNING * * *
The orc misses you.
Casting: Ensorcelled Hibernation (safe; 9% risk of failure)
Confirm with . or Enter, or press ? or * to list all spells.
Aiming: Ensorcelled Hibernation (safe; 9% risk of failure)
Press: ? - help, Shift-Dir - straight line, f/p - orc
Aim: an orc, wielding a +1 flail of holy wrath and wearing a +0 leather armour (lightly wounded, chance to affect: 62%)
You miscast Ensorcelled Hibernation.
You are very lightly contaminated with residual magic.
Nothing appears to happen.
The orc closely misses you.
You hit the orc but do no damage.
The orc is lightly wounded.
The orc closely misses you.
You closely miss the orc. Your bite misses the orc.
The orc is lightly wounded.
You closely miss the orc.
The orc is lightly wounded.
The orc barely misses you.
You hit the orc.
The orc is moderately wounded.
The orc hits you with a +1 flail of holy wrath.
You die...

#########
#$......
#.#...
#.#.####..
#o.o.oo...
#o#.#.#...
#o#.#
#@#.#
#.#.#
#.#.#
#.#..
#.#.. ..#
#.# #..


You could see an orc priest, an orc wizard (invisible) and an orc.

Vanquished Creatures
  3 gnolls (D:2)
  3 dart slugs
  An orc (D:3)
  5 bats
  3 endoplasms
  5 goblins
  6 hobgoblins
  A quokka (D:2)
  4 ball pythons
  A frilled lizard (D:1)
  4 kobolds (D:2)
  3 rats
39 creatures vanquished.

Notes
Turn   | Place    | Note
-------+----------+-------------------------------------------
     0 | D:1      | koil the Vampire Enchanter began the quest for the Orb.
     0 | D:1      | Reached XP level 1. HP: 13/13 MP: 3/3
     6 | D:1      | Noticed a snapping turtle
     6 | D:1      | Noticed a scorpion
     7 | D:1      | Noticed a polar bear
     7 | D:1      | Noticed a rime drake
   162 | D:1      | Found Lietz's Book Boutique.
   170 | D:1      | Reached XP level 2. HP: 19/19 MP: 5/5
   176 | D:1      | Learned a level 2 spell: Ensorcelled Hibernation
   912 | D:2      | Gained mutation: You are afflicted with vampirism and can
                  | become a bat while bloodless. [Vampire growth]
   912 | D:2      | Reached XP level 3. HP: 25/25 MP: 6/6
  1020 | D:2      | Found a faded altar of an unknown god.
  1206 | D:2      | Reached skill level 5 in Stealth
  1309 | D:2      | Reached skill level 1 in Fighting
  1348 | D:2      | Reached XP level 4. HP: 32/32 MP: 7/7
  1475 | D:3      | HP: 1/32 [orc priest/divine providence (11)]
  1480 | D:3      | Slain by an orc

Illustrated notes

Levels and vault maps discovered:
D:1:      onia_arrival_zoo_common, layout_basic, serial_shops, shop,
          hangedman_decor_growths
D:2:      layout_basic, basic_ecumenical_altar
D:3:      layout_basic, xom_teletrap_fun,
          chequers_temple_overflow_statue_of_worship, cheibrodos_gnoll_hut

Skill      XL: |  1  2  3 |
---------------+----------+-----
Stealth        | 5 |  5.1
Fighting       | 1 |  1.1
Short Blades   | 2 |  2.0
Dodging        | |  2.7
Spellcasting   | |  2.4
Hexes          | |  4.9

Action                   |  1- 3 |  4- 6 || total
-------------------------+-------+-------++-------
Melee: Dagger            |    94 |    10 ||   104
       Bite              |     6 |     1 ||     7
       Punch             |     1 |       ||     1
 Cast: Ensorcelled Hiber |    12 |     1 ||    13
 Stab: Sleeping          |    20 |       ||    20
Armor: Robe              |    10 |     1 ||    11
Dodge: Dodged            |    48 |     7 ||    55

Table legend: (Time is in decaauts)
 A = Elapsed time spent in this place.
 B = Non-inter-level travel time spent in this place.
 C = Inter-level travel time spent in this place.
 D = Time resting spent in this place.
 E = Time spent auto-exploring this place.
 F = Levels seen in this place.
 G = Mean time per level.
                   A        B        C        D        E       F      G
               +--------+--------+--------+--------+--------+-----+--------+
         Total |   1449 |   1370 |     79 |     21 |   1054 |   3 |  483.0 |
       Dungeon |   1449 |   1370 |     79 |     21 |   1054 |   3 |  483.0 |
               +--------+--------+--------+--------+--------+-----+--------+

Top non-repeatable levels by time:
     D:1: 801 daAuts
     D:2: 635 daAuts
     D:3: 12 daAuts
